 Dungeon Crawl Stone Soup version 0.21-a0-380-gd65dc97 (webtiles) character file.

371565 Sumakker the Executioner (level 21, 0/211 HPs)
             Began as a Minotaur Berserker on Oct 11, 2017.
             Was a High Priest of Trog.
             Killed from afar by a lich (48 damage)
             ... with a bolt of cold
             ... on level 5 of the Vaults on Oct 18, 2017.
             The game lasted 02:13:36 (36211 turns).

Sumakker the Executioner (Minotaur Berserker)      Turns: 36211, Time: 02:13:36

Health: 0/211      AC: 43    Str: 41    XL:     21   Next: 70%
Magic:  20/20      EV: 19    Int:  4    God:    Trog [*****.]
Gold:   4361       SH:  4    Dex: 20    Spells: 20/20 levels left

rFire    . . .     SeeInvis .   P - +9 executioner's axe (flame)
rCold    . . .     Gourm    .   (shield currently unavailable)
rNeg     + . .     Faith    .   a - +5 crystal plate armour of the Trees {Str+4 Dex+6 Stlth-}
rPois    .         Spirit   .   (helmet unavailable)
rElec    .         Reflect  +   s - +0 cloak
rCorr    .         Harm     .   (no gloves)
MR       +++..                  Y - +1 pair of boots {Fly}
Stlth    ..........             d - +4 amulet of reflection
HPRegen  1.45/turn              I - ring of Piarch {rN+ AC+3 Str+5 Slay+3}
MPRegen  0.17/turn              J - ring of Robustness {AC+8}

@: flying, regenerating, hasted, studying Short Blades, very quick
A: retaliatory headbutt, horns 3, thin metallic scales 1, thin skeletal
structure 1, deformed body, deterioration 1, strong 1
}: 2/15 runes: decaying, serpentine
a: Berserk, Trog's Hand, Brothers in Arms, Burn Spellbooks, Renounce Religion,
Stop Flying


You were on level 5 of the Vaults.
You worshipped Trog.
Trog was extremely pleased with you.
You were not hungry.

You visited 8 branches of the dungeon, and saw 38 of its levels.
You visited the Abyss 2 times.
You also visited: Labyrinth, Ossuary and Ice Cave.

You collected 4488 gold pieces.
You spent 127 gold pieces at shops.

Inventory:

Hand Weapons
 y - the +10 trident "Jylapy" {drain, MR+}
   (You found it on level 12 of the Dungeon)

   A truly terrible weapon, it drains the life of those it strikes.
   It affects your resistance to hostile enchantments.
 P - a +9 executioner's axe of flaming (weapon)
Armour
 a - the +5 crystal plate armour of the Trees (worn) {Str+4 Dex+6 Stlth-}
   (You acquired it in the Ecumenical Temple)

   It affects your strength (+4).
   It affects your dexterity (+6).
   It makes you less stealthy.
 s - a +0 cloak (worn)
 Y - a +1 pair of boots of flying (worn)
Jewellery
 d - a +4 amulet of reflection (around neck)
 n - a +5 ring of dexterity
 r - an uncursed ring of protection from magic
 H - an uncursed ring of poison resistance
 I - the ring of Piarch (left hand) {rN+ AC+3 Str+5 Slay+3}
   (You found it on level 4 of the Snake Pit)

   [ring of protection]

   It affects your AC (+3).
   It affects your strength (+5).
   It affects your accuracy and damage with ranged weapons and melee attacks
   (+3).
   It protects you from negative energy.
 J - the ring of Robustness (right hand) {AC+8}
   (You found it on level 12 of the Dungeon)

   [ring of protection]

   It affects your AC (+8).
Wands
 b - a wand of iceblast (9/15)
 t - a wand of random effects (17/48)
 w - a wand of enslavement (11/24)
 D - a wand of polymorph (5/24)
 K - a wand of confusion (16/48)
 L - a wand of digging (4/24)
 M - a wand of paralysis (10/24)
 N - a wand of iceblast (5/15)
 O - a wand of confusion (17/48)
 R - a wand of disintegration (10/24)
 T - a wand of iceblast (9/15)
 U - a wand of iceblast (6/15)
 X - a wand of acid (6/15)
 Z - a wand of polymorph (20/24)
Scrolls
 c - 2 scrolls of recharging
 e - 10 scrolls of remove curse
 g - 11 scrolls of teleportation
 h - 2 scrolls of silence
 j - a scroll of fog
 m - 17 scrolls of identify
 o - 5 scrolls of fear
 v - 7 scrolls of magic mapping
 A - 5 scrolls of enchant weapon
 F - 3 scrolls of blinking
 G - 4 scrolls of enchant armour
 W - a scroll of acquirement
Potions
 l - 4 potions of brilliance
 p - 2 potions of berserk rage
 q - 11 potions of curing
 x - a potion of magic
 z - 6 potions of cancellation
Books
 u - a manual of Short Blades
Miscellaneous
 V - a lightning rod (4/4)
Comestibles
 i - 11 royal jellies
 k - 8 fruits
 B - a bread ration
 Q - 10 meat rations


   Skills:
 + Level 23.3 Fighting
 * Level 25.9 Axes
 + Level 20.7 Armour
 - Level 14.8 Dodging
 - Level 0.4 Stealth


You had 20 spell levels left.
You didn't know any spells.

Dungeon Overview and Level Annotations

Branches:
Dungeon (15/15)            Temple (1/1) D:5            Lair (6/6) D:9
  Swamp (4/4) Lair:2        Snake (4/4) Lair:4        Slime (0/5) Lair:6
    Orc (2/2) D:10            Elf (0/3) Orc:2        Vaults (5/5) D:13
  Crypt (0/3) Vaults:2     Depths (1/5) D:15

Altars:
Ashenzari
Cheibriados
Dithmenos
Elyvilon
Fedhas
Gozag
Hepliaklqana
Kikubaaqudgha
Makhleb
Nemelex Xobeh
Okawaru
Qazlal
Ru
Sif Muna
Trog
Uskayaw
Vehumet
Wu Jian
Xom
Yredelemnul
Zin
The Shining One
Beogh

Shops:
D:4 *   D:14 *   Orc:2 !=?*   Snake:2 }=}*   Vaults:2 %**[[

Portals:
Hell: Depths:1


Innate Abilities, Weirdness & Mutations

You reflexively headbutt those who attack you in melee.
You have a pair of large horns on your head.
You are partially covered in thin metallic scales. (AC +2)
You have a somewhat thin skeletal structure. (Dex +2, Stealth)
Armour fits poorly on your strangely shaped body.
Your body sometimes deteriorates upon taking damage.
Your muscles are strong. (Str +2)


Message History

The Executioner hits you but does no damage.
You block the Executioner's attack.
The Executioner hits you but does no damage.
An ogre mage comes into view. It is wielding a halberd.
The ogre mage shouts!
You slice the Executioner!! You burn the Executioner.
You kill the Executioner!
You closely miss something.
You hear a horrible gurgling sound!
You hear a shout!
The tengu reaver mumbles some strange words.
The tengu reaver conjures a globe of magical energy!
Something touches you but does no damage.
You hear two shouts!
You hear a shout!
A battlesphere and an ironheart preserver come into view.
Unknown command.
You feel yourself speed up.
You hear some strange, mumbled words.
A bolt of cold appears from out of thin air!
The bolt of cold hits you!
You die...

#..# #..#
#..# #..#
#..#
#..#...
#..#..####
#)[#.....
#)@#....
#O(#..####.
#(Q#c......
#*XcO......
#..p.#####
#.....c....
#......c...
#......c...
#......O...


You could see a tentacled monstrosity, an ironheart preserver, a tengu reaver, a
two-headed ogre, a yaktaur and a battlesphere.

Vanquished Creatures
  Bai Suzhen (Vaults:2)
  Saint Roka (Orc:2)
  Rupert (Orc:2)
  A lich (D:15)
  An Executioner (Abyss:3)
  3 sphinxes
  Agnes (Snake:1)
  A tentacled starspawn (Abyss:3)
  Kirke (Snake:1)
  A shadow dragon (Vaults:5)
  A tengu reaver (Depths:1)
  Donald (Swamp:3)
  8 nagarajas (Snake:4)
  2 fire giants
  8 vault wardens
  Aizul (Swamp:1)
  5 frost giants
  9 ironheart preservers
  2 ghouls
  A stone giant (Vaults:3)
  5 very ugly things
  A vampire knight (Vaults:2)
  Azrael (Orc:2)
  A deep elf annihilator (Vaults:5)
  2 ettins (Depths:1)
  2 green deaths (Swamp:4)
  2 crystal guardians (Vaults:3)
  2 eidola
  A deep elf death mage (Vaults:2)
  A minotaur (Lab)
  A death ooze (Swamp:4)
  2 great orbs of eyes
  5 ice dragons
  20 ogre magi
  5 yaktaur captains
  4 fire dragons
  2 rakshasas
  10 hydras
  4 naga warriors
  Erolcha (D:13)
  2 hell beasts (Swamp:4)
  23 vault guards
  A ghost crab (Swamp:3)
  The ghost of Leas the Unseen, a journeyman SpEn of Dithmenos (D:13)
  17 anacondas
  2 death knights
  4 dancing weapons
  37 two-headed ogres
  2 deep troll earth magi
  15 alligators
  3 orc high priests
  11 centaur warriors
  5 tengu warriors
  Urug (Lair:3)
  A death yak (IceCv)
  3 thrashing horrors
  11 naga sharpshooters
  9 spriggans
  3 deep elf knights
  3 salamander mystics
  6 shock serpents
  A wretched star (Abyss:3)
  4 skeletal warriors (Vaults:2)
  2 unseen horrors (Vaults:1)
  2 deep trolls (Vaults:4)
  A shadow wraith (Vaults:2)
  A glowing orange brain (Depths:1)
  A flayed ghost (Vaults:4)
  4 spriggan druids
  12 naga ritualists
  10 swamp dragons
  2 shambling mangroves
  7 wizards
  2 phantasmal warriors (Vaults:5)
  A lindwurm (shapeshifter) (Vaults:3)
  15 ironbrand convokers
  13 orc knights
  6 necromancers
  A harpy (Vaults:4)
  5 deep elf archers (Vaults:3)
  9 mana vipers
  6 salamanders
  6 cyclopes
  A harpy (shapeshifter) (Vaults:2)
  43 ugly things
  8 deep elf magi
  6 orc sorcerers
  4 wolf spiders
  2 manticores
  A worldbinder (Abyss:3)
  7 elephants
  A moth of wrath (shapeshifter) (Vaults:2)
  2 human skeletons (Vaults:1)
  9 vault sentinels
  16 naga magi
  An apocalypse crab (Abyss:3)
  Maurice (D:10)
  13 guardian serpents
  33 black mambas
  Psyche (D:11)
  2 orange demons (Swamp:4)
  A torpor snail (Lair:6)
  A spiny frog (shapeshifter) (Vaults:2)
  5 gargoyles
  19 spiny frogs
  A storm dragon simulacrum (Vaults:3)
  9 rime drakes
  An efreet (D:14)
  A yaktaur (shapeshifter) (D:14)
  A komodo dragon (shapeshifter) (Vaults:3)
  A tormentor (Abyss:3)
  8 freezing wraiths
  A kobold demonologist (D:12)
  9 komodo dragons
  22 yaktaurs
  An ancient zyme (Abyss:3)
  The ghost of veneficus the Chopper, an amateur MiBe of Trog (D:3)
  A queen bee (shapeshifter) (Vaults:2)
  13 polar bears
  4 tengu conjurers
  8 trolls
  A jumping spider (shapeshifter) (Vaults:5)
  2 yaktaur skeletons (Vaults:1)
  A meliai (shapeshifter) (Vaults:4)
  13 hornets
  A snapping turtle (shapeshifter) (Vaults:5)
  10 tyrant leeches
  A hornet (shapeshifter) (Vaults:4)
  A raiju (Abyss:3)
  16 bog bodies
  A meliai zombie (D:10)
  7 dream sheep
  10 blink frogs
  33 slime creatures
  An ettin zombie (Vaults:1)
  3 raiju (shapeshifter)
  10 hippogriffs
  A flying skull (Abyss:3)
  A tarantella (shapeshifter) (Vaults:5)
  8 shadows
  An air elemental (D:10)
  A centaur simulacrum (D:14)
  62 yaks
  Sigmund (D:4)
  A water elemental (D:10)
  5 wraiths
  3 wyverns
  2 fire elementals
  A basilisk (Lair:4)
  7 hungry ghosts
  Grum (D:11)
  A hog (Snake:1)
  A chaos spawn (Abyss:3)
  A yaktaur simulacrum (Vaults:3)
  7 large abominations
  A warg (Vaults:4)
  9 vampire mosquitoes
  35 nagas
  2 acid dragons
  13 insubstantial wisps
  A hell hound (Orc:2)
  14 swamp worms
  12 water moccasins
  9 porcupines
  34 orc warriors
  4 small abominations
  A black bear (shapeshifter) (Vaults:2)
  14 ice beasts
  6 swamp drakes
  2 eyes of draining
  4 sky beasts
  A necrophage (D:12)
  3 phantoms
  5 boggarts (D:12)
  48 ogres
  15 centaurs
  14 wolves
  An orc skeleton (Vaults:1)
  6 big kobolds
  10 crocodiles
  2 elf zombies (Ossuary)
  15 bullfrogs
  An earth elemental (D:10)
  A gnoll sergeant (D:8)
  2 wyvern zombies
  2 wyvern skeletons
  8 scorpions
  17 killer bees
  2 troll skeletons (Lab)
  6 crimson imps
  A human simulacrum (Vaults:3)
  3 human zombies
  3 bullfrog zombies
  22 orc wizards
  2 bullfrog skeletons
  4 centaur zombies
  7 hounds
  5 jellies
  22 orc priests
  9 centaur skeletons
  Ijyb (D:3)
  3 iguanas
  14 worker ants
  2 yak simulacra (Lair:6)
  2 wolf simulacra (Lair:6)
  5 polar bear simulacra (Lair:6)
  A big kobold zombie (Ossuary)
  2 hound zombies
  2 hound skeletons
  4 mummies (Ossuary)
  A howler monkey zombie (D:5)
  9 gnolls
  A howler monkey skeleton (D:7)
  15 adders
  3 shadow imps
  A white imp (Abyss:3)
  3 oozes
  An adder skeleton (D:9)
  A dart slug (D:2)
  6 leopard geckos
  91 orcs
  A ball python (D:4)
  5 giant cockroaches
  7 goblins
  8 hobgoblins
  25 jackals
  4 quokkas
  6 bats
  7 frilled lizards
  A goblin zombie (Ossuary)
  A hobgoblin zombie (Ossuary)
  A jackal skeleton (D:4)
  2 jackal zombies
  31 kobolds
  A quokka skeleton (D:4)
  11 rats
  4 rat zombies
  2 river rat simulacra (Lair:6)
  A bush (Lair:6)
  7 fungi
  2 plants
  A starspawn tentacle (Abyss:3)
1562 creatures vanquished.

Vanquished Creatures (collateral kills)
  Vashnia (Snake:3)
  Jorgrun (Swamp:4)
  A nagaraja (Snake:4)
  A storm dragon (Vaults:5)
  A stone giant (Vaults:5)
  A very ugly thing (Depths:1)
  A yaktaur captain (Vaults:5)
  2 hydras
  A naga warrior (Snake:4)
  A tengu warrior (D:14)
  An orc high priest (Orc:2)
  4 naga sharpshooters
  2 swamp dragons (Swamp:4)
  A naga ritualist (Snake:4)
  An orc sorcerer (Orc:2)
  A deep elf mage (D:15)
  3 salamanders (Snake:3)
  A stone giant zombie (Vaults:1)
  6 slime creatures
  A cyclops (Orc:2)
  A guardian serpent (Snake:4)
  A vault sentinel (Vaults:1)
  A naga mage (Snake:4)
  An efreet (D:15)
  A troll (Orc:2)
  3 dream sheep (Lair:4)
  A golden eye (shapeshifter) (Vaults:5)
  A fire elemental (Orc:2)
  A hungry ghost (D:14)
  A warg (Orc:2)
  2 nagas (Snake:4)
  2 hell hounds (Orc:2)
  6 orc warriors (Orc:2)
  2 centaurs (D:15)
  2 orc priests
  An orc wizard (Orc:2)
  3 orcs (Orc:2)
62 creatures vanquished.

Vanquished Creatures (others)
  2 spiny frogs
  A yaktaur (Vaults:1)
  A blink frog (Swamp:1)
  A human (Snake:1)
  An orc warrior (Orc:2)
  2 wolves (IceCv)
  2 ogres
  An orc (Vaults:5)
  A fungus (Lair:4)
  A starspawn tentacle (Abyss:3)
13 creatures vanquished.

Grand Total: 1637 creatures vanquished

Notes
Turn   | Place    | Note
-------+----------+-------------------------------------------
     0 | D:1      | Sumakker the Minotaur Berserker began the quest for the Orb.
     0 | D:1      | Reached XP level 1. HP: 19/19 MP: 0/0
    48 | D:1      | Reached skill level 4 in Axes
    48 | D:1      | Reached XP level 2. HP: 21/27 MP: 1/1
   176 | D:1      | Reached XP level 3. HP: 23/33 MP: 2/2
   222 | D:1      | Reached ** piety under Trog
   708 | D:2      | Reached XP level 4. HP: 23/41 MP: 3/3
  1042 | D:3      | Noticed veneficus's ghost (amateur MiBe)
  1048 | D:3      | Reached skill level 5 in Fighting
  1048 | D:3      | Reached skill level 5 in Axes
  1052 | D:3      | Killed veneficus's ghost
  1052 | D:3      | Reached skill level 6 in Axes
  1052 | D:3      | Reached XP level 5. HP: 49/49 MP: 4/4
  1052 | D:3      | Reached XP level 6. HP: 56/56 MP: 5/5
  1117 | D:3      | You fall through a shaft for 3 floors!
  1151 | D:5      | Entered Level 5 of the Dungeon
  1203 | D:5      | Reached *** piety under Trog
  1210 | D:5      | Reached XP level 7. HP: 44/62 MP: 6/6
  1252 | D:3      | Found a stormy altar of Qazlal.
  1413 | D:3      | Noticed a fire elemental
  1416 | D:3      | Noticed a water elemental
  1416 | D:3      | Noticed an air elemental
  1593 | D:3      | Noticed Ijyb
  1611 | D:3      | Killed Ijyb
  1611 | D:3      | Reached skill level 7 in Axes
  1910 | D:4      | Found Apezuorch's General Store.
  2200 | D:4      | Noticed Sigmund
  2214 | D:4      | Killed Sigmund
  2214 | D:4      | Reached skill level 5 in Armour
  2309 | D:4      | Found a shattered altar of Ashenzari.
  2668 | D:4      | Reached skill level 8 in Axes
  2831 | D:5      | Reached XP level 8. HP: 68/71 MP: 7/7
  2909 | D:5      | Found a bloodstained altar of Trog.
  2919 | D:5      | Found a staircase to the Ecumenical Temple.
  2934 | D:5      | Reached skill level 9 in Axes
  3130 | D:5      | Gained mutation: You have a somewhat thin skeletal structure. (Dex +2, Stealth) [mutagenic meat]
  3150 | D:5      | Found a radiant altar of Vehumet.
  3159 | D:5      | Reached **** piety under Trog
  3348 | D:6      | Reached skill level 10 in Axes
  3364 | D:6      | Gained mutation: Your muscles are strong. (Str +2) [mutagenic meat]
  3368 | D:6      | Gained mutation: Your system is resistant to poisons. (rPois) [mutagenic meat]
  3436 | D:6      | Reached XP level 9. HP: 79/79 MP: 8/8
  3444 | D:6      | Gained mutation: You have supernaturally acute eyesight. (SInv) [mutagenic meat]
  3485 | D:6      | Found a shimmering altar of Xom.
  3550 | D:6      | Found a blossoming altar of Fedhas.
  3656 | D:6      | Found a radiant altar of Vehumet.
  3656 | D:6      | Found a sacrificial altar of Ru.
  3661 | D:6      | Found a snail-covered altar of Cheibriados.
  3663 | D:6      | Found a faded altar of an unknown god.
  3664 | D:6      | Found a faded altar of an unknown god.
  3703 | D:7      | Found a sand-covered staircase.
  3710 | Ossuary  | Entered an ossuary
  3894 | D:7      | Reached skill level 11 in Axes
  4418 | D:7      | Reached skill level 12 in Axes
  5004 | D:8      | Reached XP level 10. HP: 71/91 MP: 9/9
  5026 | D:8      | Reached ***** piety under Trog
  5045 | D:8      | Found a glowing golden altar of the Shining One.
  5490 | D:9      | Reached skill level 13 in Axes
  5519 | D:9      | Noticed a green ugly thing
  5533 | D:9      | Killed a green ugly thing
  5816 | D:9      | Found a staircase to the Lair.
  5833 | Lair:1   | Entered Level 1 of the Lair of Beasts
  5838 | Lair:1   | Reached skill level 10 in Fighting
  5889 | Lair:1   | Noticed a spiny frog
  5894 | Lair:1   | Killed a spiny frog
  5937 | Lair:1   | Reached skill level 14 in Axes
  5968 | Lair:1   | Noticed an eight-headed hydra
  6118 | D:10     | Entered Level 10 of the Dungeon
  6144 | D:10     | Received a gift from Trog
  6204 | D:10     | Reached XP level 11. HP: 64/101 MP: 10/10
  6244 | D:10     | Found a large runed door.
  6245 | D:10     | Found a large runed door.
  6288 | D:10     | Found a staircase to the Orcish Mines.
  6618 | D:10     | Noticed Maurice
  6632 | D:10     | Killed Maurice
  6856 | D:10     | Noticed a centaur warrior
  6863 | D:10     | Killed a centaur warrior
  6863 | D:10     | Reached skill level 10 in Armour
  6929 | D:10     | Reached skill level 15 in Axes
  7023 | Orc:1    | Entered Level 1 of the Orcish Mines
  7032 | Orc:1    | Noticed an orc high priest
  7040 | Orc:1    | Killed an orc high priest
  7576 | Lair:1   | Reached skill level 16 in Axes
  7599 | Lair:1   | Killed a 12-headed hydra
  8030 | Lair:1   | Reached XP level 12. HP: 88/112 MP: 11/11
  8581 | Lair:2   | Received a gift from Trog
  8632 | Lair:2   | Reached skill level 17 in Axes
  8883 | Lair:2   | Found a staircase to the Swamp.
  9606 | Temple   | Entered the Ecumenical Temple
  9759 | Temple   | Identified a scroll of acquirement
  9760 | Temple   | Got a warped crystal plate armour
  9771 | Temple   | Identified the +5 crystal plate armour of the Trees {Str+4 Dex+6 Stlth-} (You acquired it in the Ecumenical Temple)
  9790 | Temple   | Lost mutation: Your muscles are strong. (Str +2) [potion of mutation]
  9790 | Temple   | Lost mutation: Your system is resistant to poisons. (rPois) [potion of mutation]
  9790 | Temple   | Gained mutation: You are weak. (Str -2) [potion of mutation]
  9790 | Temple   | Lost mutation: You are weak. (Str -2) [potion of mutation]
  9790 | Temple   | Gained mutation: You have a pair of large horns on your head. [potion of mutation]
  9791 | Temple   | Lost mutation: You have a pair of large horns on your head. [potion of mutation]
  9791 | Temple   | Lost mutation: You have a somewhat thin skeletal structure. (Dex +2, Stealth) [potion of mutation]
  9791 | Temple   | Lost mutation: You have supernaturally acute eyesight. (SInv) [potion of mutation]
  9791 | Temple   | Gained mutation: You have a somewhat thin skeletal structure. (Dex +2, Stealth) [potion of mutation]
  9791 | Temple   | Gained mutation: Your muscles are strong. (Str +2) [potion of mutation]
  9791 | Temple   | Gained mutation: Your flesh is cold resistant. (rC+) [potion of mutation]
  9792 | Temple   | Lost mutation: Your muscles are strong. (Str +2) [potion of mutation]
  9792 | Temple   | Lost mutation: Your flesh is cold resistant. (rC+) [potion of mutation]
  9792 | Temple   | Gained mutation: Armour fits poorly on your strangely shaped body. [potion of mutation]
  9792 | Temple   | Gained mutation: Your spells are a little easier to cast, but a little less powerful. [potion of mutation]
  9792 | Temple   | Gained mutation: You are agile. (Dex +2) [potion of mutation]
  9793 | Temple   | Lost mutation: Armour fits poorly on your strangely shaped body. [potion of mutation]
  9793 | Temple   | Lost mutation: Your spells are a little easier to cast, but a little less powerful. [potion of mutation]
  9793 | Temple   | Lost mutation: You are agile. (Dex +2) [potion of mutation]
  9793 | Temple   | Gained mutation: You are agile. (Dex +2) [potion of mutation]
  9793 | Temple   | Gained mutation: Your spells are a little harder to cast, but a little more powerful. [potion of mutation]
  9793 | Temple   | Gained mutation: You are dopey. (Int -2) [potion of mutation]
  9793 | Temple   | Gained mutation: You are partially covered in thin metallic scales. (AC +2) [potion of mutation]
 10038 | Lair:3   | Noticed Urug
 10052 | Lair:3   | Killed Urug
 10606 | Lair:4   | Found a labyrinth entrance.
 10622 | Lab      | Entered a labyrinth
 11205 | Lab      | Reached skill level 18 in Axes
 11341 | Lab      | Noticed a minotaur
 11348 | Lab      | Killed a minotaur
 11355 | Lab      | Identified the Incunabulum of Confrontation and the Rocks
 11608 | Lair:4   | Found a staircase to the Snake Pit.
 11618 | Lair:4   | Reached XP level 13. HP: 115/123 MP: 12/12
 12356 | Lair:5   | Reached skill level 19 in Axes
 12674 | Lair:5   | Found a dark tunnel.
 13063 | Lair:6   | Entered Level 6 of the Lair of Beasts
 13347 | Lair:6   | Received a gift from Trog
 13362 | Lair:6   | Found a staircase to the Slime Pits.
 14336 | D:11     | Reached skill level 20 in Axes
 14360 | D:11     | Found a frozen archway.
 14367 | D:11     | Reached skill level 15 in Fighting
 14382 | IceCv    | Entered an ice cave
 14768 | IceCv    | Noticed a frost giant
 14780 | IceCv    | Killed a frost giant
 14780 | IceCv    | Reached XP level 14. HP: 135/135 MP: 13/13
 15044 | D:11     | Upgraded the game from 0.21-a0-352-g5b8f553 to 0.21-a0-360-g65c131b
 15216 | D:11     | Noticed Psyche
 15221 | D:11     | Killed Psyche
 15790 | D:11     | Noticed Grum
 15796 | D:11     | Killed Grum
 15799 | D:11     | Reached skill level 21 in Axes
 16242 | D:12     | Received a gift from Trog
 16399 | D:12     | Found a transporter.
 16403 | D:12     | Found the +5 robe of Night {Dark MR+ SInv}
 16404 | D:12     | Found a radiant altar of Vehumet.
 16420 | D:12     | Found the ring of Robustness {AC+8}
 16437 | D:12     | Reached skill level 5 in Dodging
 16442 | D:12     | Found a transporter.
 16460 | D:12     | Received a gift from Trog
 16507 | D:12     | Paralysed by an ogre mage for 7 turns
 16606 | D:12     | Got a fine golden amulet
 16607 | D:12     | Identified the amulet "Jysul" {Gourm MP+9 SInv Stlth-} (You found it on level 12 of the Dungeon)
 16884 | D:12     | Got a translucent trident
 16885 | D:12     | Identified the +10 trident "Jylapy" {drain, MR+} (You found it on level 12 of the Dungeon)
 17109 | D:13     | Found an ancient bone altar of Kikubaaqudgha.
 17171 | D:13     | You are sucked into a shaft for 2 floors!
 17171 | D:15     | Entered Level 15 of the Dungeon
 17195 | D:15     | Reached XP level 15. HP: 145/145 MP: 14/14
 17789 | D:15     | Found a staircase to the Depths.
 18057 | D:14     | Reached XP level 16. HP: 137/155 MP: 15/15
 18232 | D:14     | Found Hufyfani's General Store.
 18706 | D:13     | Noticed Erolcha
 18714 | D:13     | Killed Erolcha
 18762 | D:13     | Noticed Leas's ghost (journeyman SpEn)
 18766 | D:13     | Killed Leas's ghost
 18776 | D:13     | Found a gate to the Vaults.
 19087 | D:13     | Found an ornate altar of the Wu Jian Council.
 19147 | D:13     | Got a pitted platinum amulet
 19148 | D:13     | Identified the amulet "Cuty" {Faith Int+6 Dex+2} (You acquired it on level 13 of the Dungeon)
 19514 | Swamp:1  | Entered Level 1 of the Swamp
 19533 | Swamp:1  | Received a gift from Trog
 19537 | Swamp:1  | Noticed Aizul
 19548 | Swamp:1  | Killed Aizul
 19983 | Swamp:1  | Reached skill level 10 in Dodging
 20965 | Swamp:3  | Received a gift from Trog
 21348 | Swamp:3  | Noticed Donald
 21358 | Swamp:3  | Killed Donald
 21946 | Swamp:4  | Entered Level 4 of the Swamp
 21996 | Swamp:4  | Reached ****** piety under Trog
 21996 | Swamp:4  | Reached XP level 17. HP: 153/166 MP: 16/16
 22122 | Swamp:4  | Reached skill level 15 in Armour
 22179 | Swamp:4  | Got a decaying rune of Zot
 22455 | Swamp:4  | Received a gift from Trog
 22718 | Swamp:4  | Noticed Jorgrun
 22727 | Swamp:4  | Killed Jorgrun
 23008 | Swamp:4  | Lost mutation: Your spells are a little harder to cast, but a little more powerful. [potion of mutation]
 23008 | Swamp:4  | Lost mutation: You are dopey. (Int -2) [potion of mutation]
 23008 | Swamp:4  | Lost mutation: You are agile. (Dex +2) [potion of mutation]
 23008 | Swamp:4  | Gained mutation: You have a pair of large horns on your head. [potion of mutation]
 23008 | Swamp:4  | Gained mutation: Your body sometimes deteriorates upon taking damage. [potion of mutation]
 23008 | Swamp:4  | Gained mutation: Armour fits poorly on your strangely shaped body. [potion of mutation]
 23008 | Swamp:4  | Gained mutation: Your muscles are strong. (Str +2) [potion of mutation]
 23168 | Lair:2   | Upgraded the game from 0.21-a0-360-g65c131b to 0.21-a0-380-gd65dc97
 23267 | Orc:2    | Entered Level 2 of the Orcish Mines
 23267 | Orc:2    | Noticed Saint Roka
 23283 | Orc:2    | Killed Saint Roka
 23292 | Orc:2    | Noticed Azrael
 23296 | Orc:2    | Killed Azrael
 23327 | Orc:2    | Received a gift from Trog
 23337 | Orc:2    | Found Guodi's Jewellery Boutique.
 23337 | Orc:2    | Found Gefaawon's Distillery.
 23340 | Orc:2    | Found Burhehi's General Store.
 23340 | Orc:2    | Found Riprow's Magic Scroll Shoppe.
 23584 | Orc:2    | Found a roughly hewn altar of Beogh.
 23740 | Orc:2    | Found a staircase to the Elven Halls.
 23792 | Orc:2    | Noticed Rupert
 23803 | Orc:2    | Killed Rupert
 24143 | Snake:1  | Entered Level 1 of the Snake Pit
 24237 | Snake:1  | Noticed Kirke
 24242 | Snake:1  | Killed Kirke
 24590 | Snake:1  | Noticed Agnes
 24597 | Snake:1  | Killed Agnes
 24662 | Snake:1  | Reached XP level 18. HP: 137/178 MP: 17/17
 25393 | Snake:2  | Found Siefio's Superlative Supplies.
 25400 | Snake:2  | Found Ypiugesm's Gadget Boutique.
 25417 | Snake:2  | Bought a scroll of silence for 127 gold pieces
 25426 | Snake:2  | Found Gotoicue's Jewellery Emporium.
 25427 | Snake:2  | Found Cocluu's Gadget Boutique.
 25487 | Snake:2  | Received a gift from Trog
 26517 | Snake:3  | Noticed Vashnia
 26538 | Snake:3  | Killed Vashnia
 27304 | Snake:4  | Entered Level 4 of the Snake Pit
 27582 | Snake:4  | Received a gift from Trog
 28174 | Snake:4  | Found a sacrificial altar of Ru.
 28317 | Snake:4  | Reached XP level 19. HP: 127/189 MP: 18/18
 28382 | Snake:4  | Reached skill level 22 in Axes
 28897 | Snake:4  | Got a serpentine rune of Zot
 29024 | Snake:4  | Got a shimmering bone ring
 29514 | Depths:1 | Entered Level 1 of the Depths
 29866 | Depths:1 | Received a gift from Trog
 29870 | Depths:1 | Got an iridescent great sword {god gift}
 29871 | Depths:1 | Identified the +2 great sword of Darkness {slice, rN+ Str+4} (Trog gifted it to you on level 1 of the Depths)
 30245 | Depths:1 | Found a gateway to Hell.
 30578 | D:15     | Identified the ring of Piarch {rN+ AC+3 Str+5 Slay+3} (You found it on level 4 of the Snake Pit)
 30641 | Vaults:1 | Entered Level 1 of the Vaults
 30764 | Vaults:1 | Cast into level 2 of the Abyss (a wizard)
 30852 | Vaults:1 | Escaped the Abyss
 30986 | Vaults:1 | Cast into level 3 of the Abyss (death knight)
 31040 | Abyss:3  | Lost intelligence.
 31242 | Abyss:3  | Paralysed by a great orb of eyes for 7 turns
 31282 | Abyss:3  | Received a gift from Trog
 31286 | Vaults:1 | Escaped the Abyss
 31688 | Vaults:1 | Reached skill level 23 in Axes
 32300 | Vaults:2 | Found Vonolon's Food Shoppe.
 32308 | Vaults:2 | Found Wuggioxzyeh's General Store.
 32309 | Vaults:2 | Found Voriaghi's Assorted Antiques.
 32679 | Vaults:2 | Reached XP level 20. HP: 183/200 MP: 19/19
 32888 | Vaults:2 | Received a gift from Trog
 32899 | Vaults:2 | Found a staircase to the Crypt.
 33142 | Vaults:2 | Noticed Bai Suzhen
 33147 | Vaults:2 | Killed Bai Suzhen
 33521 | Vaults:2 | Found Zeb Risu's Armour Boutique.
 33532 | Vaults:2 | Found Gival's Armour Shoppe.
 33606 | Vaults:3 | Reached skill level 24 in Axes
 33780 | Vaults:3 | Received a gift from Trog
 34762 | Vaults:3 | Received a gift from Trog
 34763 | Vaults:3 | Found the +8 mithril axe "Arga" {speed, MR+}
 35401 | Vaults:4 | Reached XP level 21. HP: 202/210 MP: 20/20
 35477 | Vaults:4 | Reached skill level 25 in Axes
 35654 | Vaults:4 | Received a gift from Trog
 36090 | Vaults:5 | Entered Level 5 of the Vaults
 36092 | Vaults:5 | Noticed a golden dragon
 36108 | Vaults:5 | Received a gift from Trog
 36211 | Vaults:5 | Killed from afar by a lich

Vault maps used:
D:1:      mrwooster_arrival_statue_3, st_stairs_10
D:3:      first_bread, nicolae_qazlal_style_of_elements, uniq_ijyb
D:4:      nicolae_overflow_crystal_walls, serial_shops, shop_statue,
          uniq_sigmund
D:5:      kennysheep_mini_moat, minmay_temple_entry_glassed_door,
          vehumet_altar_wand_db
D:6:      old_standard_altar, chequers_temple_overflow_minitemple, basic_altar
D:7:      enter_ossuary_3
D:8:      basic_altar
D:9:      minmay_cornered_nines, grunt_lair_entry_orc_guard_hut
D:10:     orc_0_dummy, lightli_elemental_guards, uniq_maurice
D:11:     enter_bailey_8, portal_ice_cave_entry_ice_beasts,
          serial_co_window_serial, co_window_paths_a, co_window_paths_a,
          co_window_of_opportunity_a, co_window_cross_1, co_window_paths_b,
          co_window_corner_a, co_window_paths_b, co_window_2corner,
          co_window_cross_2, co_window_2corner, co_window_sun,
          co_window_paths_d, glass_columns_c, glass_columns_b, glass_columns_c,
          glass_columns_a, uniq_grum, uniq_psyche
D:12:     gammafunk_sealed_library, grunt_ogre_cave, kennysheep_generic_room_15
D:13:     erik_vaults_1, basic_altar, david_defended_altar_elf, uniq_erolcha
D:14:     minmay_misc_feat_plants, serial_shops, shop
D:15:     grunt_enter_depths_magical_seal
Temple:   eino_temple_scatter_basement
Lair:1:   beast_lair_carwin_10
Lair:2:   swamp_mist_pool, serial_bayou_shore_b, grunt_megastairs_1
Lair:3:   nicolae_quartered_pool_medium, infiniplex_staircase_pool_2,
          lemuel_fruit_tree, grunt_megastairs_3, uniq_urug
Lair:4:   minmay_snake_entry_guardpost_small, lab_entry_generic,
          beast_lair_carwin_2
Lair:5:   enter_volcano_1
Lair:6:   due_jungle_book, nicolae_slime_entry_slimehenge,
          grunt_forest_stairs_basic, eino_house_with_fridge
Swamp:1:  evilmike_swamp_ruin_house_2, swamp_pool2,
          nicolae_swamp_alligator_family, uniq_aizul
Swamp:2:  evilmike_swamp_ruin_house_3
Swamp:3:  hangedman_swamp_blocks, uniq_donald
Swamp:4:  swamp_vile, uniq_jorgrun
Snake:1:  uniq_agnes, uniq_kirke
Snake:2:  special_room, nicolae_alphabet_shops, st_stairs_4, minmay_shop_grove,
          basic_stair_grate_trap, grunt_megastairs_4
Snake:3:  uniq_vashnia
Snake:4:  grunt_snake_rune_serpentine_throne, basic_altar
Orc:1:    nicolae_orc_flooded_monolith, uniq_harold
Orc:2:    grunt_orc_tribal_feast, basic_altar, uniq_azrael, uniq_saint_roka,
          uniq_rupert
Vaults:1: nicolae_vaults_what_the_h, v_alt_pattern_4, vaults_dpeg_hooks,
          vaults_mumra_hex, v_misc_19, v_misc_14,
          nicolae_vaults_little_squares_5, grunt_vaults_hallway_short
Vaults:2: nicolae_vaults_network_periphery, minmay_crypt_entry_simple_box,
          hangedman_vaults_capsules, v_alt_pattern_1,
          nicolae_vaults_hallways_thing, v_misc_23, v_pattern_2,
          ontoclasm_vaults_claustrophobia, hangedman_vaults_restitches,
          hangedman_vaults_hat, nicolae_vaults_mini_display_case,
          nicolae_vaults_angled_halls, v_alt_pattern_1, serial_shops,
          nicolae_shop_overgrown_old_shop, shop, shop_statue, shop,
          nicolae_shop_behind_doors, uniq_bai_suzhen
Vaults:3: v_alt_pattern_3, vaults_standard_mumra_x, ontoclasm_vaults_spin,
          v_rooms_1, nicolae_vaults_big_angled_halls,
          ontoclasm_vaults_ring_large, nicolae_vaults_little_squares_4,
          vaults_room_pool, v_alt_pattern_5, nicolae_vaults_network_s,
          hangedman_vaults_maws, v_misc_8, vaults_room_door_ring,
          vaults_room_hangedman_quadrants, ontoclasm_vaults_gateway
Vaults:4: st_squares, hangedman_vaults_stagger, v_misc_1, vaults_dpeg_diagonal,
          ontoclasm_vaults_shuriken, hangedman_vaults_slice,
          nicolae_vaults_little_squares_1, v_misc_22,
          ontoclasm_vaults_misaligned, vaults_dpeg_encased_lava,
          vaults_mumra_hexcomb, v_misc_13, nicolae_vaults_yaktaur_gun_rack,
          hangedman_vaults_stretched_pinwheel
Vaults:5: serial_shops, uniq_xtahua
Depths:1: kennysheep_six_static_rooms, hell_entry, hangedman_decor_growths,
          kennysheep_generic_room_10
Abyss:3:  minivault_24
Lab:      labyrinth_mini_lab, lab_statue, nicolae_lab_grate_2, lab_block,
          nicolae_lab_very_dead_end
Ossuary:  ossuary_minmay_tomb_2a
IceCv:    ice_cave_caverns_03

Skill      XL: |  1  2  3  4  5  6  7  8  9 10 11 12 13 14 15 16 17 18 19 20 21 |
---------------+----------------------------------------------------------------+-----
Axes           | 4 6 8 10 12 14 16 18 20 21 23 24 25 | 25.9
Fighting       | 4 5 6 7 9 10 12 13 15 16 17 18 20 21 22 23 | 23.3
Armour         | 3 4 5 7 8 9 10 11 12 14 16 17 19 20 | 20.7
Dodging        | 3 4 7 8 11 13 14 | 14.8
Stealth        | |  0.4

Action                   |  1- 3 |  4- 6 |  7- 9 | 10-12 | 13-15 | 16-18 | 19-21 || total
-------------------------+-------+-------+-------+-------+-------+-------+-------++-------
Melee: Hand axe          |    99 |    44 |   355 |       |       |       |       ||   498
       Headbutt          |     8 |     9 |    92 |   117 |   140 |   244 |   204 ||   814
       War axe           |       |       |    22 |   169 |       |       |       ||   191
       Battleaxe         |       |       |       |   307 |   382 |       |       ||   689
       Executioner's axe |       |       |       |       |   112 |   839 |   671 ||  1622
Invok: Berserk           |       |     2 |     7 |    11 |    10 |    11 |     7 ||    48
       Trog's Hand       |       |     2 |     4 |    13 |    13 |    16 |    14 ||    62
       Burn Spellbooks   |       |       |     2 |     2 |     2 |     4 |     5 ||    15
       Brothers in Arms  |       |       |     1 |       |     7 |    15 |     8 ||    31
Evoke: Wand              |       |       |       |       |     1 |     2 |       ||     3
  Use: Scroll            |       |       |     5 |    13 |     9 |    10 |     8 ||    45
       Potion            |       |       |       |    15 |     5 |    13 |     7 ||    40
 Stab: Distracted        |       |       |       |       |       |     2 |       ||     2
  Eat: Chunk             |       |     4 |    11 |    16 |     5 |       |     1 ||    37
       Fruit             |       |       |     4 |       |     1 |     2 |     8 ||    15
       Bread ration      |       |       |     1 |     4 |     7 |    10 |     2 ||    24
       Meat ration       |       |       |     1 |     2 |     1 |     2 |     4 ||    10
       Royal jelly       |       |       |       |       |       |     1 |     1 ||     2
Armor: Animal skin       |    10 |       |       |       |       |       |       ||    10
       Chain mail        |    26 |    33 |    44 |       |       |       |       ||   103
       Plate armour      |       |       |   136 |   178 |       |       |       ||   314
       Crystal plate arm |       |       |       |    70 |   383 |   548 |   405 ||  1406
Dodge: Dodged            |    80 |    31 |   133 |   178 |   203 |   569 |   479 ||  1673
Block: Other             |       |       |    46 |    56 |    73 |   125 |   108 ||   408
       Reflection        |       |       |       |     1 |     4 |    12 |    19 ||    36

Table legend:
 A = Spawn XP
 B = Non-spawn XP
 C = Spawn XP percentage of total XP
 D = Spawn monster count
 E = Non-spawn monster count
 F = Spawn count percentage of total count
 G = Total turns spent on level
                    A         B        C        D         E        F      G
               +---------+---------+-------+---------+---------+-------+---------
         Total |    8365 |  616236 |   1.3 |      20 |    1597 |   1.2 | 36211
               +---------+---------+-------+---------+---------+-------+---------
           D:1 |       0 |      67 |   0.0 |       0 |      38 |   0.0 |   443
           D:2 |       0 |      84 |   0.0 |       0 |      14 |   0.0 |   599
           D:3 |       0 |     486 |   0.0 |       0 |      25 |   0.0 |   696
           D:4 |       0 |     560 |   0.0 |       0 |      18 |   0.0 |   979
           D:5 |       0 |    1007 |   0.0 |       0 |      27 |   0.0 |   615
           D:6 |       0 |     739 |   0.0 |       0 |      14 |   0.0 |   554
           D:7 |       0 |    1743 |   0.0 |       0 |      33 |   0.0 |   973
           D:8 |       0 |     984 |   0.0 |       0 |      29 |   0.0 |   373
           D:9 |       0 |    2111 |   0.0 |       0 |      27 |   0.0 |   893
          D:10 |       0 |    6475 |   0.0 |       0 |      71 |   0.0 |  1034
          D:11 |       0 |    8285 |   0.0 |       0 |      38 |   0.0 |  1200
          D:12 |       0 |   15897 |   0.0 |       0 |      69 |   0.0 |  1119
          D:13 |       0 |   10262 |   0.0 |       0 |      44 |   0.0 |   767
          D:14 |       0 |   10639 |   0.0 |       0 |      39 |   0.0 |   688
          D:15 |       0 |   15742 |   0.0 |       0 |      32 |   0.0 |  1407
        Lair:1 |       0 |    8082 |   0.0 |       0 |      30 |   0.0 |  1414
        Lair:2 |       0 |    2000 |   0.0 |       0 |       9 |   0.0 |   932
        Lair:3 |       0 |    4778 |   0.0 |       0 |      14 |   0.0 |   788
        Lair:4 |       0 |    7533 |   0.0 |       0 |      28 |   0.0 |   886
        Lair:5 |       0 |    2154 |   0.0 |       0 |      11 |   0.0 |   912
        Lair:6 |       0 |   10518 |   0.0 |       0 |      50 |   0.0 |  1011
       Swamp:1 |       0 |   15870 |   0.0 |       0 |      34 |   0.0 |   808
       Swamp:2 |       0 |   10500 |   0.0 |       0 |      30 |   0.0 |   703
       Swamp:3 |       0 |   16698 |   0.0 |       0 |      39 |   0.0 |  1031
       Swamp:4 |       0 |   41175 |   0.0 |       0 |      85 |   0.0 |  1104
       Snake:1 |       0 |   20562 |   0.0 |       0 |      35 |   0.0 |  1077
       Snake:2 |       0 |   16541 |   0.0 |       0 |      26 |   0.0 |   992
       Snake:3 |       0 |   16690 |   0.0 |       0 |      27 |   0.0 |  1228
       Snake:4 |       0 |   57551 |   0.0 |       0 |      92 |   0.0 |  1846
         Orc:1 |       0 |    2592 |   0.0 |       0 |      17 |   0.0 |   520
         Orc:2 |       0 |   18965 |   0.0 |       0 |      80 |   0.0 |   738
      Vaults:1 |     852 |   34496 |   2.4 |       1 |      64 |   1.5 |  1224
      Vaults:2 |       0 |   60305 |   0.0 |       0 |      87 |   0.0 |  1307
      Vaults:3 |       0 |   52607 |   0.0 |       0 |      80 |   0.0 |  1498
      Vaults:4 |       0 |   63950 |   0.0 |       0 |      98 |   0.0 |  1032
      Vaults:5 |       0 |   38642 |   0.0 |       0 |      44 |   0.0 |   121
      Depths:1 |       0 |   16692 |   0.0 |       0 |      21 |   0.0 |   528
       Abyss:2 |     140 |       0 | 100.0 |       1 |       0 | 100.0 |    88
       Abyss:3 |    7373 |    8560 |  46.3 |      18 |      12 |  60.0 |   300
           Lab |       0 |    2022 |   0.0 |       0 |       9 |   0.0 |   741
       Ossuary |       0 |     398 |   0.0 |       0 |      16 |   0.0 |   178
         IceCv |       0 |   11274 |   0.0 |       0 |      41 |   0.0 |   661
               +---------+---------+-------+---------+---------+-------+---------
